Map: [ESL] Goldenaura

Players

MCanning

  • Race: Protoss Protoss
  • Spawn Location: 12:00

DisK - Winner!

  • Race: Protoss Protoss
  • Spawn Location: 5:00

Event: ESL SC2 Masters 2024 Spring (Regional)

VOD

Have the link to the VOD?

Description

Time

  • Played on: April 19, 2024, 3:32 p.m.
  • Length: 13:55

All games in this series

Show
View Real Time Build Order
Export as new Build Order

MCanning Protoss 

Build Orders: Archon Immortal 

Get SALT Encoding   

  12  0:00  Probe  
  13  0:12  Probe  
  14  0:19  Pylon  
  14  0:24  Probe  
  15  0:37  Probe (Chrono Boost)  
  15  0:38  Gateway  
  16  0:47  Assimilator  
  16  0:48  Probe (Chrono Boost)  
  17  0:52  Probe (Chrono Boost)  
  17  0:55  Assimilator  
  18  1:03  Probe (Chrono Boost)  
  19  1:12  Probe (Chrono Boost), Gateway  
  19  1:17  Probe (Chrono Boost)  
  21  1:28  Cybernetics Core  
  21  1:31  Probe  
  22  1:39  Pylon  
  22  1:43  Probe  
  23  1:57  Probe  
  24  2:04  Sentry, Stalker, Warp Gate  
  28  2:09  Probe  
  28  2:12  Pylon  
  29  2:21  Pylon  
  29  2:26  Sentry  
  30  2:44  Nexus  
  30  2:48  Sentry  
  30  2:50  Probe (Chrono Boost)  
  33  2:57  Sentry  
  35  3:00  Probe (Chrono Boost)  
  35  3:03  Shield Battery  
  35  3:05  Probe (Chrono Boost)  
  37  3:13  Pylon  
  37  3:17  Probe (Chrono Boost)  
  38  3:25  Robotics Facility  
  38  3:26  Probe (Chrono Boost)  
  39  3:34  Probe  
  40  3:47  Probe  
  40  3:48  Pylon  
  41  3:52  Adept  
  41  3:53  Adept  
  45  3:58  Probe (Chrono Boost)  
  47  4:05  Probe (Chrono Boost)  
  47  4:08  Probe (Chrono Boost)  
  47  4:09  Observer (Chrono Boost)  
  48  4:12  Probe (Chrono Boost)  
  48  4:13  Probe (Chrono Boost)  
  51  4:23  Probe  
  52  4:24  Immortal (Chrono Boost)  
  52  4:25  Probe  
  57  4:35  Probe  
  57  4:37  Probe  
  55  4:38  Twilight Council  
  55  4:44  Assimilator  
  55  4:47  Probe  
  55  4:49  Probe  
  55  4:50  Adept x2  
  61  4:53  Pylon  
  61  4:59  Probe  
  62  5:01  Immortal (Chrono Boost), Probe  
  67  5:11  Probe  
  68  5:16  Observer  
  68  5:23  Probe  
  68  5:24  Charge  
  68  5:27  Nexus  
  68  5:28  Pylon, Immortal (Chrono Boost)  
  65  5:34  Immortal (Chrono Boost)  
  69  5:40  Probe  
  69  5:42  Gateway  
  70  5:49  Probe  
  71  5:52  Shield Battery, Gateway  
  71  5:54  Probe  
  72  5:57  Stalker  
  72  6:03  Stalker  
  76  6:08  Probe  
  76  6:10  Probe, Forge  
  76  6:20  Probe  
  76  6:21  Forge  
  76  6:23  Probe  
  70  6:33  Probe (Chrono Boost)  
  70  6:35  Probe (Chrono Boost)  
  70  6:39  Observer  
  71  6:40  Probe (Chrono Boost)  
  71  6:45  Probe (Chrono Boost)  
  71  6:46  Probe (Chrono Boost)  
  74  6:47  Gateway  
  74  6:49  Templar Archives, Probe (Chrono Boost), Gateway  
  74  6:50  Protoss Ground Weapons Level 1 (Chrono Boost)  
  74  6:51  Probe (Chrono Boost)  
  74  6:52  Probe (Chrono Boost)  
  77  6:54  Probe (Chrono Boost)  
  77  6:59  Probe  
  79  7:01  Probe  
  79  7:05  Gateway  
  80  7:09  Zealot x2  
  80  7:10  Probe  
  80  7:11  Probe  
  80  7:13  Probe  
  87  7:22  Probe  
  87  7:28  Probe  
  78  7:32  Probe  
  78  7:35  Assimilator  
  79  7:39  Pylon, Gateway  
  79  7:40  High Templar x2  
  79  7:41  Immortal (Chrono Boost)  
  85  7:45  Archon, Forge  
  85  7:47  Pylon  
  85  7:56  High Templar  
  85  7:57  High Templar  
  89  7:59  Nexus, Probe  
  89  8:01  Pylon  
  89  8:03  Zealot, Archon  
  92  8:09  Probe  
  92  8:11  Observer  
  91  8:15  Gateway  
  91  8:16  Probe  
  91  8:17  Gateway  
  91  8:18  Protoss Ground Armor Level 1 (Chrono Boost)  
  91  8:19  Photon Cannon, Gateway  
  92  8:21  Pylon, Shield Battery  
  92  8:26  Zealot x3  
  98  8:29  Probe  
  98  8:30  Probe  
  100  8:38  Zealot x3  
  106  8:44  Photon Cannon  
  106  8:47  Zealot x3  
  112  8:49  Pylon  
  112  8:58  Probe  
  112  9:00  Photon Cannon  
  112  9:01  Photon Cannon  
  112  9:02  High Templar x2  
  117  9:03  Zealot, Shield Battery  
  117  9:04  Probe  
  117  9:08  Probe  
  119  9:14  Assimilator, Archon  
  119  9:15  Photon Cannon  
  119  9:16  Pylon  
  119  9:21  Zealot  
  119  9:22  Zealot x2  
  119  9:23  Warp Prism (Chrono Boost), Dark Shrine  
  127  9:37  Zealot x4  
  135  9:43  High Templar x2  
  138  9:47  Archon  
  138  9:51  Zealot  
  138  9:52  Zealot x2  
  142  10:00  Pylon  
  142  10:01  Pylon, Stalker x3  
  142  10:03  Pylon  
  146  10:15  Zealot x4, Forge  
  146  10:17  Robotics Bay  
  146  10:20  Zealot x2  
  158  10:22  Probe  
  158  10:24  Zealot x2  
  158  10:25  Zealot  
  149  10:35  Probe  
  149  10:36  Pylon  
  149  10:38  Dark Templar x2  
  149  10:39  Zealot x2  
  149  10:42  Probe  
  153  10:45  Dark Templar  
  153  10:46  Nexus  
  153  10:47  Protoss Ground Weapons Level 2 (Chrono Boost)  
  154  10:55  Pylon  
  150  11:00  Zealot x2  
  150  11:01  Dark Templar x2  
  150  11:02  Dark Templar  
  158  11:09  Zealot x4  
  150  11:13  Disruptor (Chrono Boost)  
  150  11:16  Probe  
  153  11:19  Robotics Facility  
  153  11:23  Forge  
  143  11:27  Zealot x5  
  153  11:33  Archon  
  153  11:34  Zealot  
  153  11:35  Zealot x3  
  147  11:41  Disruptor (Chrono Boost)  
  147  11:45  Photon Cannon  
  147  11:46  Photon Cannon  
  151  11:48  Zealot x3, Dark Templar  
  151  11:49  Zealot  
  148  11:56  Zealot x3  
  135  12:01  Zealot  
  135  12:08  Disruptor  
  127  12:12  Probe  
  127  12:14  Photon Cannon  
  126  12:18  Zealot x4  
  114  12:24  Shield Battery  
  114  12:25  Zealot x3  
  114  12:29  High Templar x2  
  112  12:33  Archon  
  106  12:38  Zealot x4  
  102  12:45  Disruptor (Chrono Boost)  
  102  12:50  High Templar x2  
  106  12:56  Archon, Disruptor (Chrono Boost)  
  106  12:58  Zealot x2  
  103  13:03  Zealot x5  
  119  13:12  Disruptor (Chrono Boost)  
  109  13:19  Zealot x2  
  113  13:23  Dark Templar x2  
  107  13:31  Zealot x4  
  107  13:32  Zealot  
  108  13:44  Zealot x2  
  108  13:46  Pylon  
Show
View Real Time Build Order
Export as new Build Order

DisK Protoss - Winner!

Build Orders: Phoenix Opening, Blink Stalkers 

Get SALT Encoding   

  12  0:00  Probe  
  13  0:12  Probe  
  14  0:17  Pylon  
  14  0:24  Probe  
  15  0:35  Gateway  
  15  0:37  Probe (Chrono Boost)  
  16  0:46  Assimilator, Probe (Chrono Boost)  
  17  0:51  Probe (Chrono Boost)  
  17  0:55  Assimilator  
  18  1:03  Probe (Chrono Boost)  
  19  1:09  Gateway  
  19  1:15  Probe (Chrono Boost)  
  20  1:20  Probe (Chrono Boost)  
  20  1:25  Cybernetics Core  
  21  1:30  Probe  
  22  1:36  Pylon  
  22  1:42  Probe  
  23  1:54  Probe  
  23  2:01  Sentry, Stalker  
  26  2:04  Warp Gate (Chrono Boost)  
  26  2:06  Probe  
  29  2:11  Pylon  
  29  2:19  Probe  
  29  2:21  Shield Battery  
  30  2:26  Pylon  
  30  2:32  Phoenix  
  30  2:44  Nexus  
  30  2:45  Shield Battery  
  30  2:48  Probe  
  31  2:51  Sentry  
  33  3:00  Twilight Council  
  33  3:03  Probe  
  34  3:08  Sentry  
  36  3:14  Pylon  
  36  3:17  Probe (Chrono Boost)  
  37  3:25  Phoenix, Probe (Chrono Boost)  
  38  3:31  Blink (Chrono Boost), Probe  
  39  3:43  Probe  
  39  3:46  Stalker  
  39  3:48  Stalker  
  44  3:55  Probe x2  
  46  4:07  Probe  
  46  4:08  Robotics Facility, Probe  
  48  4:14  Assimilator  
  48  4:17  Phoenix  
  48  4:19  Stalker  
  48  4:21  Probe  
  48  4:24  Probe  
  52  4:27  Stalker  
  54  4:38  Probe  
  53  4:49  Probe  
  53  4:50  Probe  
  53  4:51  Nexus  
  55  4:52  Pylon, Observer  
  55  4:56  Stalker  
  58  5:00  Stalker  
  58  5:01  Probe  
  58  5:03  Probe  
  62  5:08  Pylon  
  62  5:13  Probe  
  63  5:21  Probe, Gateway  
  64  5:23  Gateway  
  64  5:25  Probe  
  65  5:32  Adept x2  
  69  5:37  Probe  
  69  5:38  Observer, Probe  
  72  5:48  Charge, Forge  
  72  5:49  Pylon, Probe  
  73  5:51  Probe  
  74  5:58  Observer  
  74  6:03  Probe  
  74  6:20  Stalker x4  
  74  6:21  Probe x3  
  74  6:24  Protoss Ground Weapons Level 1 (Chrono Boost)  
  79  6:35  Observer  
  79  6:37  Probe  
  79  6:38  Nexus, Probe  
  79  6:40  Pylon  
  79  6:46  Stalker, Adept x2  
  79  6:47  Stalker  
  87  6:51  Probe  
  87  6:53  Probe, Gateway  
  89  6:54  Probe  
  89  7:01  Gateway  
  90  7:03  Probe  
  90  7:04  Gateway  
  83  7:24  Phoenix  
  83  7:26  Probe  
  78  7:31  Stalker x4  
  78  7:33  Gateway  
  78  7:35  Gateway  
  78  7:36  Gateway  
  84  7:38  Pylon  
  84  7:40  Probe x3  
  84  7:43  Shield Battery  
  86  7:48  Pylon, Stalker  
  88  7:52  Probe  
  88  7:56  Templar Archives, Probe x3  
  92  7:58  Pylon  
  92  8:03  Protoss Ground Weapons Level 2 (Chrono Boost)  
  92  8:04  Warp Prism  
  94  8:10  Nexus  
  94  8:12  Pylon  
  94  8:13  Probe x2  
  94  8:14  Probe  
  94  8:18  Photon Cannon  
  94  8:19  Shield Battery  
  97  8:22  Photon Cannon  
  97  8:25  Photon Cannon  
  97  8:28  Photon Cannon, Colossus  
  97  8:32  Probe x4  
  101  8:34  High Templar x2  
  101  8:38  Archon  
  101  8:39  Zealot x3  
  111  8:42  Pylon  
  111  8:44  Probe x3  
  111  8:48  Zealot x2  
  118  8:51  Zealot x2  
  118  8:52  Probe  
  123  8:56  Probe  
  123  8:58  Probe  
  123  8:59  Photon Cannon, Shield Battery  
  123  9:02  Probe  
  126  9:04  Probe  
  126  9:08  Probe  
  128  9:18  Zealot x2, High Templar x2  
  128  9:19  Zealot x6  
  128  9:22  Archon  
  148  9:26  Nexus  
  148  9:27  Pylon  
  148  9:33  Pylon  
  148  9:40  Dark Shrine  
  148  9:41  Zealot x5  
  148  9:42  Pylon x2  
  148  9:43  Zealot x2  
  148  9:45  Protoss Ground Weapons Level 3 (Chrono Boost)  
  162  9:46  Zealot  
  162  9:52  Gateway  
  164  9:53  Gateway  
  164  10:07  Zealot x10  
  164  10:13  Probe  
  164  10:14  Probe x3  
  185  10:15  Probe  
  183  10:23  Gateway x2  
  183  10:24  Gateway  
  183  10:25  Stargate  
  183  10:26  Gateway  
  171  10:36  Zealot x9  
  171  10:38  Zealot  
  171  10:39  Probe x2  
  171  10:40  Probe  
  180  10:50  High Templar x2  
  180  10:55  Archon  
  180  10:56  Zealot x9  
  182  11:12  Warp Prism  
  182  11:13  Oracle  
  182  11:17  Pylon  
  187  11:18  Pylon  
  187  11:21  Zealot x6  
  199  11:26  Photon Cannon  
  199  11:27  Photon Cannon x2  
  199  11:29  Photon Cannon, Shield Battery  
  199  11:30  Shield Battery  
  197  11:32  Photon Cannon  
  179  11:49  Zealot x11  
  171  12:01  Zealot x5  
  171  12:04  Protoss Shields Level 1 (Chrono Boost)  
  171  12:08  Observer  
  159  12:09  Shadow Stride (Chrono Boost)  
  153  12:20  Stalker x3  
  153  12:21  Stalker x6  
  153  12:22  Zealot x4  
  141  12:41  Zealot x3  
  137  12:45  Zealot x13, Nexus  
  157  12:55  Oracle  
  160  13:02  Pylon  
  142  13:14  Zealot x7, Dark Templar x2  
  142  13:15  Zealot x7  
  148  13:35  Zealot x3, Nexus  
  148  13:36  Zealot x11  
  148  13:39  Pylon  
  156  13:53  Pylon, Nexus  
Tags
 
Add a new tag
Caveats
  • Supply blocks, unpowered buildings, or Contaminate may cause inaccurate times.
  • Supply counts are checked every 10 seconds.